 Dungeon Crawl Stone Soup version 0.31.0-1-g2c135a008e (webtiles) character file.

Game seed: 5960069478558080801

44 qw the Shooter (level 3, -9/29 HPs)
             Began as a Djinni Hunter on Jan 24, 2024.
             Killed by divine providence
             ... invoked by an orc priest
              (11 damage)
             ... on level 2 of the Dungeon.
             The game lasted 00:00:04 (1377 turns).

qw the Shooter (Djinni Hunter)                      Turns: 1377, Time: 00:00:04

Health: -9/29      AC:  5    Str: 10    XL:     3   Next: 87%
Gold:   73         EV: 11    Int: 10    God:
                   SH:  0    Dex: 18

rFire   + + .        a - +0 shortbow
rCold   x . .        (shield currently unavailable)
rNeg    . . .        f - +0 ring mail
rPois   inf          (no helmet)
rElec   .            (no cloak)
rCorr   .            (no gloves)
SInv    .            (boots unavailable)
Will    .....        (no amulet)
Stlth   +            (no ring)
HPRegen 0.24/turn    (no ring)
MPRegen 0.00/turn

%: infuse magic (-10 HP)
@: about to teleport, flying
A: sickness immunity, fire resistance 2, cold vulnerability 1, float, innate
caster, HP casting, extra vitality 1
a: no special abilities


You were on level 2 of the Dungeon.
You visited 1 branch of the dungeon, and saw 2 of its levels.

You collected 95 gold pieces.
You spent 22 gold pieces at shops.


Innate Abilities, Weirdness & Mutations

You are immune to sickness and miasma.
You are immune to poison.
Your flesh is very heat resistant. (rF++)
You are vulnerable to cold. (rC-)
You float through the air rather than walking.
You learn spells naturally, not from books.
Your magical power is your life essence.
You have superior vitality. (+4 MHP)


   Skills:
 + Level 2.4 Fighting
 - Level 4.0 Ranged Weapons
 - Level 1.0 Armour
 - Level 2.1 Dodging
 - Level 0.7 Stealth


You knew the following spells:

 Your Spells              Type           Power      Damage    Failure   Level
a - Slow                  Hex            0%         N/A       67%         1
Your spell library was empty.

Inventory:

Hand Weapons
 a - a +0 shortbow (weapon)
Armour
 f - a +0 ring mail (worn)
Potions
 b - a potion of enlightenment {unknown}
 g - 3 potions of heal wounds

Dungeon Overview and Level Annotations

Branches:
Dungeon (2/15)

Altars:

Shops:
D:1 *


Message History

You shoot an arrow. The orc priest shouts!
The arrow hits the orc!
You kill the orc!
You shoot an arrow. The arrow hits the orc!
You kill the orc!
The orc priest miscasts a cantrip.
You shoot an arrow. The arrow hits the orc priest.
The orc priest is moderately wounded.
You shoot an arrow. The arrow barely misses the orc priest.
The orc priest calls down the wrath of Beogh upon you.
You barely resist. You shoot an arrow. The arrow hits the orc priest.
The orc priest is moderately wounded.
The orc priest miscasts a cantrip.
You shoot an arrow.
The arrow closely misses the orc priest.
You shoot an arrow.
The arrow closely misses the orc priest.
A ball python comes into view.
The orc priest hits you with a +0 club.
The ball python moves out of view.
You shoot an arrow. The arrow hits the orc priest.
The orc priest is heavily wounded.
The orc priest closely misses you.
You shoot an arrow.
The arrow closely misses the orc priest.
The orc priest invokes the aid of Beogh against you.
Beogh smites you!
The orc priest hits you but does no damage.
You shoot an arrow.
The arrow hits the orc priest but does no damage.
The orc priest is heavily wounded.
The orc priest calls down the wrath of Beogh upon you.
Beogh smites you!
1377 ||| READING scroll of teleportation.
As you read the scroll of teleportation, it crumbles to dust.
You feel strangely unstable.
The orc priest mumbles some strange prayers to Beogh against you.
Beogh smites you!
You die...

####...# #.#..
#......#######....
#......'....#..#.#
#.....(####....#.#
#......# #....#.#
#.)....# #..###.# #####
#......# #.>.. ..#
......#.####...........#
...~..o@# #...........#
..)....## ............
....... ..........
..).... ..... ...~..#
...... #####. ..


You could see an orc priest.

Vanquished Creatures
  A ribbon worm (D:2)
  2 orcs (D:2)
  An endoplasm (D:2)
  A giant cockroach (D:1)
  5 goblins
  2 hobgoblins
  7 jackals
  2 quokkas
  3 ball pythons (D:1)
  3 bats
  A frilled lizard (D:2)
  5 kobolds
  3 rats (D:1)
36 creatures vanquished.

Notes
Turn   | Place    | Note
-------+----------+-------------------------------------------
     0 | D:1      | qw the Djinni Hunter began the quest for the Orb.
     0 | D:1      | Reached XP level 1. HP: 18/18 MP: 0/0
     0 | D:1      | 0 ||| qw: Version: 0.3-a-136-gdd3b4e8
     0 | D:1      | 0 ||| qw: Game counter: 1434
     0 | D:1      | 0 ||| qw: Melee chars always use a shield: true
     0 | D:1      | 0 ||| qw: God list: Okawaru
     0 | D:1      | 0 ||| qw: Allow faded altars: false
     0 | D:1      | 0 ||| qw: Do Orc after clearing Dungeon:15 true
     0 | D:1      | 0 ||| qw: Do second Lair branch before Depths: true
     0 | D:1      | 0 ||| qw: Lair rune preference: random
     0 | D:1      | 0 ||| qw: Goals: Normal
     0 | D:1      | 0 ||| PLANNING D:1-11
    90 | D:1      | Reached XP level 2. HP: 18/23 MP: 0/0
   163 | D:1      | Found Qushuhy's General Store.
   171 | D:1      | 171 ||| SHOPLISTING +0 helmet (49 gold, have 31).
   171 | D:1      | 171 ||| SHOPLISTING potion of resistance (110 gold, have
                  | 31).
   171 | D:1      | 171 ||| BUYING scroll of identify (22 gold).
   171 | D:1      | Bought a scroll of identify for 22 gold pieces
   624 | D:1      | Found a faded altar of an unknown god.
   811 | D:1      | Reached XP level 3. HP: 28/28 MP: 0/0
   811 | D:1      | Learned a level 1 spell: Slow
   836 | D:1      | Reached skill level 4 in Ranged Weapons
  1019 | D:1      | 1019 ||| UPGRADING to +0 ring mail.
  1029 | D:1      | 1029 ||| DROPPING +0 leather armour.
  1030 | D:1      | 1030 ||| READING 2 scrolls of identify.
  1030 | D:1      | 1030 ||| IDENTIFYING 2 bubbling yellow potions
  1031 | D:1      | 1031 ||| READING scroll of identify.
  1031 | D:1      | 1031 ||| IDENTIFYING scroll labelled OTASKE XECUQ
  1032 | D:1      | 1032 ||| READING 2 scrolls labelled ECKUMYMNUSM.
  1036 | D:1      | 1036 ||| READING scroll labelled XYKHOC IKKI.
  1037 | D:1      | 1037 ||| READING scroll labelled GUAQIOSMOA.
  1037 | D:1      | 1037 ||| ENCHANTING +0 shortbow.
  1038 | D:1      | 1038 ||| DROPPING scroll of butterflies.
  1039 | D:1      | 1039 ||| DROPPING scroll of noise.
  1168 | D:2      | Reached skill level 1 in Armour
  1376 | D:2      | HP: 2/29 [orc priest/divine providence (13)]
  1377 | D:2      | 1377 ||| READING scroll of teleportation.
  1377 | D:2      | Killed from afar by an orc priest

Levels and vault maps discovered:
D:1:      tarquinn_simple_flora_water_c, layout_basic, serial_shops, shop,
          basic_ecumenical_altar, st_stairs_2
D:2:      cheibrodos_pilgrimage, layout_basic, serial_shops, shop

Skill      XL: |  1  2  3 |
---------------+----------+-----
Ranged Weapons | 4 |  4.0
Armour         | 1 |  1.0
Fighting       | |  2.4
Dodging        | |  2.1
Stealth        | |  0.7

Action                     || total
---------------------------++-------
   Fire: Shortbow          ||   105
    Use: Scroll            ||     6
 Armour: Leather armour    ||    18
         Ring mail         ||    13
  Dodge: Dodged            ||    37

Table legend:
 A = Non-vault XP
 B = Vault XP
 C = Vault XP percentage of total XP
 D = Non-vault monster count
 E = Vault monster count
 F = Vault count percentage of total count
                 A         B        C        D         E       F
            +---------+---------+-------+---------+---------+-------
      Total |      55 |       9 |  14.1 |      32 |       4 |  11.1
            +---------+---------+-------+---------+---------+-------
        D:1 |      29 |       3 |   9.4 |      19 |       2 |   9.5
        D:2 |      26 |       6 |  18.8 |      13 |       2 |  13.3
            +---------+---------+-------+---------+---------+-------
